 Dungeon Crawl Stone Soup version 0.24.0-13-gcf9b3192b9 (console) character file.

Game seed: 11579971598571373206, levelgen mode: deterministic

11 AlterAsc the Insei (level 2, 18/18 HPs)
             Began as an Octopode Transmuter on Nov 9, 2019.
             Quit the game on level 2 of the Dungeon.
             The game lasted 00:01:27 (1243 turns).

AlterAsc the Insei (Octopode Transmuter)            Turns: 1243, Time: 00:01:27

Health: 18/18      AC:  1    Str:  7    XL:     2   Next: 29%
Magic:  5/5        EV: 13    Int: 15    God:
Gold:   61         SH:  0    Dex: 12    Spells: 2/5 levels left

rFire    . . .     SeeInvis .     - Unarmed
rCold    . . .     Gourm    .   (no shield)
rNeg     . . .     Faith    .   (helmet restricted)
rPois    .         Spirit   .   (no amulet)
rElec    .         Reflect  .   d - -2 ring of strength (curse)
rCorr    .         Harm     .   (no ring)
MR       .....                  (no ring)
Stlth    ++........             (no ring)
HPRegen  0.06/turn              (no ring)
MPRegen  0.09/turn              (no ring)
                                (no ring)
                                (no ring)

@: no status effects
A: almost no armour, stealthy swim, amphibious, 8 rings, constrict 8, camouflage
1, gelatinous body 1
a: no special abilities


You were on level 2 of the Dungeon.
You were not hungry.

You visited 1 branch of the dungeon, and saw 2 of its levels.

You collected 61 gold pieces.

Inventory:

Missiles
 a - 12 arrows
 i - 9 poisoned darts (quivered)
Jewellery
 d - a cursed -2 ring of strength (left tentacle)
Scrolls
 f - a scroll of fog {unknown}
 g - a scroll of teleportation {unknown}
 l - a scroll of identify {unknown}
Potions
 b - a potion of lignification {unknown}
 e - a potion of heal wounds {unknown}
 h - a potion of haste {unknown}
 j - a potion of cancellation {unknown}
 k - a potion of might {unknown}
Comestibles
 c - a ration


   Skills:
 - Level 1.1 Fighting
 - Level 2.1 Dodging
 - Level 3.0 Unarmed Combat
 + Level 2.2 Spellcasting
 * Level 2.4 Transmutations


You had 2 spell levels left.
You knew the following spells:

 Your Spells              Type           Power        Failure   Level  Hunger
a - Beastly Appendage     Tmut           #.....       9%          1    #......
b - Sticks to Snakes      Tmut           #.......     12%         2    ###....

Your spell library contained the following spells:

 Spells                   Type           Power        Failure   Level  Hunger
 Spider Form              Tmut/Pois      #.........   36%         3    ###....
 Ice Form                 Ice/Tmut       #.......     78%         4    #####..
 Blade Hands              Tmut           #.........   92%         5    ######.


Dungeon Overview and Level Annotations

Branches:
Dungeon (2/15)

Altars:


Innate Abilities, Weirdness & Mutations

You cannot wear most types of armour.
You are very stealthy in the water. (Stealth+)
You are amphibious.
You can wear up to eight rings at the same time.
You can use your tentacles to constrict eight enemies at once.
Your skin changes colour to match your surroundings (Stealth+).
Your rubbery body absorbs attacks. (AC +1, EV +1)


Message History

There is a stone staircase leading up here.
There is a stone staircase leading up here.
You now have 61 gold pieces (gained 5).
All of the chunks of flesh in your inventory have rotted away.
There is a stone staircase leading down here.
You open the door.
There is an open door here.
There is an open door here.
You open the door.
There is an open door here.
You open the door.
There is an open door here.
A rat comes into view.
A leopard gecko comes into view.
You see here a marble ring.
d - a marble ring You feel weaker.
Oops, that ring feels deathly cold.
d - a cursed -2 ring of strength (left tentacle) Are you sure you want to abandon this character and quit the game? (Confirm with "yes".)

#.# #.# #.# #.# ##.#
#.###..# .......#
#.##.#.#
##.####.##.#.+######
........##..@..l....
#.....#.######.#.
#.r.###...# ###
#...# #.###.###
#.....# ####.##
##'## ##...##


You could see a leopard gecko (sleeping).

Vanquished Creatures
  A bat (D:2)
  A giant cockroach (D:1)
  A goblin (D:1)
  3 hobgoblins
  5 frilled lizards
11 creatures vanquished.

Notes
Turn   | Place    | Note
-------+----------+-------------------------------------------
     0 | D:1      | AlterAsc the Octopode Transmuter began the quest for the
                  | Orb.
     0 | D:1      | Reached XP level 1. HP: 13/13 MP: 3/3
   935 | D:2      | Reached XP level 2. HP: 11/18 MP: 3/5
   942 | D:2      | Learned a level 2 spell: Sticks to Snakes
  1243 | D:2      | Quit the game

Levels and vault maps discovered:
D:1:      minmay_arrival_solitary_statue, layout_loops_ring
D:2:      layout_loops_corners, minmay_statues_item, minivault_11,
          grunt_ministairs_3

Action                   || total
-------------------------++-------
Melee: Unarmed           ||    21
       Kick              ||     6
       Constrict         ||     3
       Tentacles         ||     1
 Cast: Beastly Appendage ||     7
 Stab: Sleeping          ||     1
  Eat: Chunk             ||     1
Dodge: Dodged            ||     6
